 Dungeon Crawl Stone Soup version 0.17-a0-66-g328ef0e (webtiles) character file.

1894 prinygod the Magician (level 8, 47/52 HPs)
             Began as a Demonspawn Wizard on Mar 11, 2015.
             Was an Initiate of Gozag.
             Quit the game on level 8 of the Dungeon on Dec 12, 2015.
             The game lasted 00:41:07 (8371 turns).

prinygod the Magician (Demonspawn Wizard)           Turns: 8371, Time: 00:41:08

Health: 47/52      AC:  6    Str:  7    XL:     8   Next: 93%
Magic:  11/23      EV: 13    Int: 24    God:    Gozag
Gold:   529        SH:  6    Dex: 13    Spells: 5 memorised, 10 levels left

rFire  . . .     SeeInvis .     B - +0 blowgun
rCold  . . .     Clarity  .     f - +2 robe {MR+}
rNeg   . . .     SustAb   .     D - +2 buckler
rPois  .         Gourm    .     q - +0 helmet
rElec  .         Spirit   +     (no cloak)
rCorr  .         Warding  .     (no gloves)
rMut   .         Stasis   .     o - +0 pair of boots
MR     +....                    O - amulet of guardian spirit
Stlth  ++........               P - +3 ring of intelligence
                                F - ring of wizardry

@: repel missiles, somewhat resistant to hostile enchantments, unstealthy
A: talons 1, powered by pain 1, spiny 2
a: Potion Petition, Call Merchant, Bribe Branch, Renounce Religion


You were on level 8 of the Dungeon.
You worshipped Gozag.
Gozag was noncommittal.
You were not hungry.

You visited 2 branches of the dungeon, and saw 9 of its levels.

You collected 915 gold pieces.
You spent 294 gold pieces at shops.
You paid 92 gold pieces to Gozag.

Inventory:

Hand weapons
 l - a +0 dagger
 z - a +0 blowgun
 B - a +0 blowgun (weapon)
 C - a +0 spear of venom
Missiles
 G - 6 needles of slowing
 N - 29 poisoned needles (quivered)
Armour
 a - a +0 robe
 b - a +0 hat
 f - a +2 robe of magic resistance (worn)
 o - a +0 pair of boots (worn)
 q - a +0 helmet (worn)
 D - a +2 buckler (worn)
 I - a cursed +2 ring mail of cold resistance
Jewellery
 F - a ring of wizardry (left hand)
 J - an uncursed ring of see invisible
 K - a +1 ring of slaying
 O - an amulet of guardian spirit (around neck)
 P - a +3 ring of intelligence (right hand)
Magical devices
 t - a wand of enslavement (8)
 H - a wand of slowing (0)
 L - a wand of paralysis (9)
Scrolls
 e - 18 scrolls of identify {unknown}
 i - 3 scrolls of remove curse {unknown}
 j - 2 scrolls of noise {unknown}
 k - a scroll of enchant armour {unknown}
 m - 2 scrolls of recharging {unknown}
 u - a scroll of fog {unknown}
 w - a scroll of teleportation {unknown}
 y - 2 scrolls of fear {unknown}
 E - 4 scrolls of blinking {unknown}
Potions
 g - a potion of agility {unknown}
 n - a potion of cancellation {unknown}
 p - 2 potions of lignification {unknown}
 r - 3 potions of heal wounds {unknown}
 s - 2 potions of haste {unknown}
 v - a potion of restore abilities {unknown}
 x - 4 potions of curing {unknown}
 A - a potion of mutation {unknown}
 M - a potion of invisibility {unknown}
Books
 c - a book of Minor Magic

   Spells                             Type                      Level
   a - Magic Dart                     Conjuration                  1
   b - Blink                          Translocation                2
   c - Call Imp                       Summoning                    2
   d - Repel Missiles                 Charms/Air                   2
   e - Slow                           Hexes                        2
   f - Conjure Flame                  Conjuration/Fire             3
   g - Mephitic Cloud                 Conjuration/Poison/Air       3
Comestibles
 d - 7 bread rations
 h - 6 meat rations


   Skills:
 + Level 2.9 Armour
 + Level 3.7 Dodging
 - Level 1.7 Stealth
 + Level 2.5 Shields
 * Level 7.1 Spellcasting
 * Level 6.5 Conjurations
   Level 1.0 Summonings
 - Level 0.8 Translocations
 - Level 1.0 Fire Magic
 - Level 1.0 Air Magic
 - Level 1.0 Poison Magic


You had 10 spell levels left.
You knew the following spells:

 Your Spells              Type           Power        Failure   Level  Hunger
a - Magic Dart            Conj           ####         1%          1    None
b - Blink                 Tloc           N/A          4%          2    None
c - Repel Missiles        Chrm/Air       ##....       4%          2    None
d - Conjure Flame         Conj/Fire      ####....     2%          3    None
e - Mephitic Cloud        Conj/Pois/Air  ###.....     4%          3    None


Dungeon Overview and Level Annotations

Branches:
Dungeon (8/15)             Temple (1/1) D:6
   Lair: D:8-11

Altars:
Ashenzari
Cheibriados
Dithmenos
Elyvilon
Gozag
Kikubaaqudgha
Makhleb
Okawaru
Qazlal
Ru
Sif Muna
Trog
Vehumet
Xom
Yredelemnul
Zin
The Shining One

Shops:
D:5 =(?   D:6 :


Innate Abilities, Weirdness & Mutations

You have sharp toenails.
You sometimes gain a little power by taking damage.
You are mostly covered in sharp spines.


Message History

Confirm with . or Enter, or press ? or * to list all spells.
Aiming: Magic Dart
Press: ? - help, Shift-Dir - straight line, f/p - giant frog skeleton
Aim: a giant frog skeleton (black smoke)
The magic dart hits the giant frog skeleton.
You destroy the giant frog skeleton!
Casting: Magic Dart
Confirm with . or Enter, or press ? or * to list all spells.
You don't know that spell.
Save game and exit?
Welcome back, prinygod the Demonspawn Wizard.
Gozag says: Greed is good.
Press ? for a list of commands and other information.
Autopickup is now off.
Autopickup is now on.
Saving game... please wait.
Welcome back, prinygod the Demonspawn Wizard.
Gozag says: Greed is good.
Press ? for a list of commands and other information.
Are you sure you want to abandon this character and quit the game? (Confirm with "yes".)

###########
#..§......#
##.#.#.....#
#§#.§§#....#
###.#§#§#...#
#########.[§§_§§.[..##
..!.....@.#§#§#.#...>#
########..##§§§#....##
#..#§#§#.....#
####..#.§...#####
......#.....#
......#.....#
#..[...#.....#
#............#
#............#


There were no monsters in sight!

Vanquished Creatures
  Prince Ribbit (D:7)
  Edmund (D:5)
  Menkaure (D:6)
  A water moccasin (D:7)
  2 black bears (D:7)
  An ice beast (D:7)
  4 ogres
  A centaur (D:7)
  Blork the orc (D:6)
  A giant frog (D:7)
  A scorpion (D:5)
  A goliath beetle (D:7)
  A centaur skeleton (D:6)
  An orc priest (D:5)
  3 giant frog skeletons
  A jelly (D:6)
  A hound (D:7)
  An orc wizard (D:5)
  Robin (D:3)
  6 adders
  3 gnolls (D:4)
  A shadow imp (D:5)
  2 giant mites
  A worm (D:5)
  An adder zombie (D:4)
  6 giant geckos
  2 oozes
  14 orcs
  A ball python (D:1)
  3 giant cockroaches
  20 goblins
  16 hobgoblins
  2 jackals (D:6)
  9 kobolds
  4 quokkas
  10 bats
  A giant gecko skeleton (D:5)
  3 giant newts
  A giant spore (D:7)
  5 rats (D:1)
  A ballistomycete (D:7)
137 creatures vanquished.

Notes
Turn   | Place    | Note
--------------------------------------------------------------
     0 | D:1      | prinygod, the Demonspawn Wizard, began the quest for the Orb.
     0 | D:1      | Reached XP level 1. HP: 13/13 MP: 4/4
   239 | D:1      | Gained mutation: You are partially covered in sharp spines. [demonic ancestry]
   239 | D:1      | Reached XP level 2. HP: 8/19 MP: 1/6
   408 | D:1      | Learned a level 2 spell: Blink
   411 | D:1      | Learned a level 2 spell: Repel Missiles
  1183 | D:2      | Found a basalt altar of Yredelemnul.
  1358 | D:2      | Gained mutation: You are mostly covered in sharp spines. [demonic ancestry]
  1358 | D:2      | Reached XP level 3. HP: 22/24 MP: 4/8
  2163 | D:3      | Noticed Robin
  2200 | D:3      | Reached skill level 4 in Spellcasting
  2468 | D:3      | Killed Robin
  2468 | D:3      | Reached XP level 4. HP: 21/30 MP: 0/11
  2927 | D:3      | Found a white marble altar of Elyvilon.
  2958 | D:3      | Found an opulent altar of Gozag.
  2967 | D:3      | Became a worshipper of Gozag Ym Sagoz the Greedy
  3295 | D:4      | Noticed an ogre
  3317 | D:4      | Killed an ogre
  3317 | D:4      | Reached XP level 5. HP: 29/35 MP: 10/14
  3370 | D:4      | Noticed an ogre
  3394 | D:4      | Killed an ogre
  3394 | D:4      | Reached skill level 5 in Spellcasting
  3394 | D:4      | Gained mutation: You have sharp toenails. [demonic ancestry]
  3394 | D:4      | Reached XP level 6. HP: 37/41 MP: 15/17
  3740 | D:4      | Learned a level 3 spell: Conjure Flame
  3744 | D:4      | Learned a level 3 spell: Mephitic Cloud
  4054 | D:5      | Entered Level 5 of the Dungeon
  4066 | D:5      | Found Skauqak's Weapon Boutique.
  4091 | D:5      | Found Heq Iraeqa's Magic Scroll Shop.
  4299 | D:5      | Reached skill level 1 in Poison Magic
  4323 | D:5      | Noticed Edmund
  4353 | D:5      | Killed Edmund
  4353 | D:5      | Reached skill level 1 in Air Magic
  4353 | D:5      | Gained mutation: You sometimes gain a little power by taking damage. [demonic ancestry]
  4353 | D:5      | Reached XP level 7. HP: 44/46 MP: 17/19
  4484 | D:5      | Reached skill level 1 in Armour
  4484 | D:5      | Reached skill level 1 in Fire Magic
  4727 | D:5      | Found Schediuju's Jewellery Emporium.
  4739 | D:5      | Bought an uncursed ring of see invisible for 210 gold pieces
  4739 | D:5      | Bought a +1 ring of slaying for 84 gold pieces
  4786 | D:5      | Found a sacrificial altar of Ru.
  4786 | D:5      | Found an iron altar of Okawaru.
  4786 | D:5      | Found an ancient bone altar of Kikubaaqudgha.
  4822 | D:5      | Found a sacrificial altar of Ru.
  5137 | D:6      | Found Kuaggol's Book Shoppe.
  5140 | D:6      | Noticed Blork the orc
  5142 | D:6      | Noticed Menkaure
  5176 | D:6      | Killed Blork the orc
  5219 | D:5      | Reached skill level 5 in Conjurations
  5986 | D:6      | HP: 2/46 [Menkaure/nerve-wracking pain (11)]
  6301 | D:6      | Reached skill level 6 in Spellcasting
  6333 | D:6      | Found a staircase to the Ecumenical Temple.
  6342 | Temple   | Entered the Ecumenical Temple
  6909 | D:7      | Found a snail-covered altar of Cheibriados.
  7043 | D:7      | Reached skill level 1 in Shields
  7061 | D:7      | Noticed Prince Ribbit
  7125 | D:7      | Killed Prince Ribbit
  7125 | D:7      | Reached XP level 8. HP: 31/52 MP: 5/21
  7617 | D:7      | Found a deep blue altar of Sif Muna.
  7811 | D:6      | Killed Menkaure
  7957 | D:7      | Found a glowing golden altar of the Shining One.
  8043 | D:7      | Reached skill level 7 in Spellcasting
  8232 | D:8      | Found a shadowy altar of Dithmenos.
  8371 | D:8      | Upgraded the game from 0.17-a0-65-gc96cd5b to 0.17-a0-66-g328ef0e
  8371 | D:8      | Quit the game

Action                   |  1- 3 |  4- 6 |  7- 9 || total
-------------------------+-------+-------+-------++-------
Melee: Unarmed           |    23 |       |       ||    23
       Dagger            |    17 |    39 |       ||    56
       Spear             |       |       |     6 ||     6
 Fire: Blowgun           |       |    45 |    74 ||   119
 Cast: Magic Dart        |    83 |    73 |   140 ||   296
       Blink             |       |     1 |    22 ||    23
       Conjure Flame     |       |       |     6 ||     6
       Repel Missiles    |       |       |     1 ||     1
 Stab: Sleeping          |       |     8 |     3 ||    11
       Distracted        |       |       |     1 ||     1
  Eat: Chunk             |     3 |     3 |       ||     6
       Fruit             |       |     3 |       ||     3
       Pizza             |       |     1 |       ||     1
       Beef jerky        |       |       |     4 ||     4
       Meat ration       |       |       |     1 ||     1
       Royal jelly       |       |       |     1 ||     1
